Cogmind - Beta 9.3 @@@ ROGUE MODE // 2020.01.05 @ 13:54:24 Player: Klin Result: Destroyed by G-47 Trooper with Particle Gun Performance ------------- Evolutions (0) 0 Regions Visited (1) 200 Robots Destroyed (20) 100 Value Destroyed (220) 220 Prototype IDs (0) 0 Alien Tech Used (0) 0 Bonus (0) 0 TOTAL SCORE: 520 Bonus ------- None Cogmind --------- Core Integrity 0/250 Matter 300/300 Energy 250/250 System Corruption 0% Temperature Cool (9) Movement Core (100) Ox1 Location -10/Materials Parts ------- > --- POWER (1) -------- Ion Engine > --- PROPULSION (2) --- (None) > --- UTILITY (2) ------ Seismic Analyzer > --- WEAPON (2) ------- (None) > --- INVENTORY (4) ---- Small Matter Pod (50) Structural Scanner Transport Network Coupler Mining Laser Peak State ------------ > --- POWER ------------ Ion Engine > --- PROPULSION ------- Armored Wheel Armored Wheel > --- UTILITY ---------- Seismic Analyzer Medium Armor Plating > --- WEAPON ----------- Spread Laser Light Assault Rifle > --- INVENTORY -------- Small Matter Pod Small Laser [Rating: 11] Favorites ----------- Power Ion Engine Engine Ion Engine Propulsion Light Treads Treads Light Treads Leg Aluminum Leg Wheel Armored Wheel Utility Seismic Analyzer Storage Small Storage Unit Processor Seismic Analyzer Protection Medium Armor Plating Weapon Light Assault Rifle Energy Gun Small Laser Ballistic Gun Light Assault Rifle Build | -11 -10 ------- Run | Scr Mat Slots Evolved . | . . Power . | . . Propulsion . | . . Utility . | . . Weapon . | . . Parts Attached 17 | 12 5 Power 2 | 1 1 Engine 2 | 1 1 Core . | . . Reactor . | . . Propulsion 7 | 5 2 Treads 3 | 3 . Leg 1 | 1 . Wheel 3 | 1 2 Hover . | . . Flight . | . . Utility 4 | 3 1 Device . | . . Storage 2 | 2 . Processor 1 | 1 . Hackware . | . . Protection 1 | . 1 Artifact . | . . Weapon 4 | 3 1 Energy Gun 3 | 2 1 Energy Cannon . | . . Ballistic Gun 1 | 1 . Ballistic Cannon . | . . Launcher . | . . Special Weapon . | . . Impact Weapon . | . . Slashing Weapon . | . . Piercing Weapon . | . . Special Melee Weapon . | . . Unidentified Prototypes . | . . Parts Lost 5 | . 5 Power . | . . Propulsion 2 | . 2 Utility 1 | . 1 Weapon 2 | . 2 Highest Loss Streak 3 | . 3 Average Slot Usage (%) 94 | . 94 Engine 14 | . 14 Treads 1 | . 1 Wheel 26 | . 26 Processor 14 | . 14 Protection 12 | . 12 Energy Gun 11 | . 11 Ballistic Gun 12 | . 12 Naked Turns . | . . Heaviest Build 16 | 12 16 Greatest Support 40 | 40 40 Greatest Overweight (x) . | . . Average Overweight (x) . | . . Largest Inventory Capacity 6 | 6 6 Average Capacity 5 | 5 4 Most Carried 6 | 6 5 Average Carried 3 | 4 3 Final Capacity 6 | 6 4 Final Carried 4 | 4 4 Class Distribution -------------------- 100% | Mutant Dominant Class ---------------- Mutant | -10/Materials Resources | -11 -10 ----------- Run | Scr Mat Matter Collected 469 | 376 93 Remotely . | . . Salvage Created 636 | 243 393 Parts 48 | 20 28 Haulers Intercepted 1 | . 1 Recyclers Shooed 3 | . 3 Parts Field Recycled . | . . Retrieved Matter . | . . Parts Self-Destructed . | . . Prevented . | . . Kills | -11 -10 ------- Run | Scr Mat Combat Hostiles Destroyed 4 | . 4 Melee 2 | . 2 Guns 2 | . 2 Classes Destroyed 6 | 3 3 Worker 7 | 3 4 Tunneler 4 | 4 . Hauler 1 | . 1 Recycler 3 | 1 2 Watcher 1 | . 1 Grunt 4 | . 4 Best Kill Streak 3 | 3 2 Combat Bots Only 2 | . 2 Max Kills in Single Turn 2 | 1 2 Gunslinging . | . . Exploded . | . . Melee 1 | . 1 Uniques/NPCs Destroyed . | . . Combat | -11 -10 -------- Run | Scr Mat Damage Taken 787 | . 787 Core 261 | . 261 Absorbed by Shields . | . . Core Remaining (%) 100 | 100 . Volleys Fired 73 | 27 46 Largest 2 | 2 2 Hottest 85 | 60 85 Shots Fired 129 | 53 76 Gun 129 | 53 76 Cannon . | . . Launcher . | . . Special . | . . Kinetic 73 | 27 46 Thermal 56 | 26 30 Explosive . | . . Electromagnetic . | . . Robot Hit Streak 6 | 6 6 Robot Miss Streak 8 | 3 8 Penetration Max . | . . Secondary Targets . | . . Shots Hit Robots 79 | 27 52 Core Hits 65 | 13 52 Critical Hits . | . . Critical Kills . | . . Critical Parts Destroyed . | . . Melee Attacks . | . . Impact . | . . Slashing . | . . Piercing . | . . Sneak Attacks . | . . Combat Hostiles . | . . Follow-up Attacks . | . . Damage Inflicted 688 | 251 437 Guns 628 | 240 388 Cannons . | . . Explosions . | . . Melee . | . . Ramming 60 | 11 49 Kinetic 203 | 66 137 Thermal 425 | 174 251 Explosive . | . . Electromagnetic . | . . Impact . | . . Slashing . | . . Piercing . | . . Highest Corruption . | . . Average Corruption . | . . Corruption Purged . | . . Overload Shots . | . . Overflow Damage . | . . Projectiles . | . . Explosions . | . . Melee . | . . Knockbacks . | . . Impact . | . . Kinetic . | . . Secondary . | . . Self-Inflicted Damage 19 | . 19 Shots . | . . Rammed 29 | 6 23 Targets Rammed 29 | 6 23 Kicked . | . . Crushed . | . . Highest Temperature 217 | 40 217 Average Temperature 61 | 18 78 Received Heat Transfer 432 | . 432 Siege Activations . | . . Robots Corrupted . | . . Combat Hostiles . | . . Parts Fried . | . . Impact Corruptions . | . . Robots Melted . | . . Combat Hostiles . | . . Parts Melted . | . . Heat Transferred 715 | 400 315 Parts Sabotaged . | . . Parts Stolen . | . . Parts Stripped . | . . Power Chain Reactions . | . . Missiles Intercepted . | . . Alert | -11 -10 ------- Run | Scr Mat Peak Influence 130 | 40 130 Average Influence 34 | 13 55 Maximum Alert Level . | . . Low Security (%) 100 | 100 100 Level 1 . | . . Level 2 . | . . Level 3 . | . . Level 4 . | . . Level 5 . | . . High Security . | . . Max Security . | . . Squads Dispatched 1 | . 1 Investigation . | . . Extermination . | . . Reinforcement 1 | . 1 Assault . | . . Garrison . | . . Intercept . | . . Construction Impeded . | . . Haulers Reinforced . | . . Stealth | -11 -10 --------- Run | Scr Mat Distress Signals 1 | . 1 Communications Jammed . | . . Distress Signals . | . . Times Spotted 14 | . 14 Peak Tracking Total 6 | . 6 Tactical Retreats . | . . Traps | -11 -10 ------- Run | Scr Mat Traps Triggered . | . . Indirectly . | . . Trap Hack Attempts . | . . Triggered . | . . Disarmed . | . . Reprogrammed . | . . Reused . | . . Traps Extracted . | . . Installed . | . . Triggered . | . . Machines | -11 -10 ---------- Run | Scr Mat Machines Disabled . | . . Max in Single Turn . | . . Machines Sabotaged . | . . Garrisons Compromised . | . . Overloaded Fab Kills . | . . Fab Network Shutdowns . | . . Hacking | -11 -10 --------- Run | Scr Mat Machines Accessed 2 | . 2 Terminals 2 | . 2 Fabricators . | . . Repair Stations . | . . Recycling Units . | . . Scanalyzers . | . . Garrison Access . | . . Total Hacks 9 | . 9 Successful 9 | . 9 Failed . | . . Catastrophic . | . . Database Lockouts . | . . Manual . | . . Terminals 9 | . 9 Fabricators . | . . Repair Stations . | . . Recycling Units . | . . Scanalyzers . | . . Garrison Access . | . . Terminal Hacks 9 | . 9 Record 4 | . 4 Emergency Access Points 1 | . 1 Alert Level 1 | . 1 Locate Traps 1 | . 1 Dispatch Records 1 | . 1 Maintenance Status 1 | . 1 Fabricator Hacks . | . . Repair Station Hacks . | . . Recycling Unit Hacks . | . . Scanalyzer . | . . Garrison Access Hacks . | . . Unauthorized Hacks . | . . Terminals . | . . Fabricators . | . . Repair Stations . | . . Recycling Units . | . . Scanalyzers . | . . Garrison Access . | . . Data Cores Recovered . | . . Used . | . . Hacking Detections 1 | . 1 Full Trace Events . | . . Feedback Events . | . . Feedback Blocked . | . . Robot Schematics Acquired . | . . Robots Built . | . . Matter . | . . Time . | . . Total Robot Build Rating . | . . Part Schematics Acquired . | . . Parts Built . | . . Matter . | . . Time . | . . Total Part Build Rating . | . . Parts Repaired . | . . Time . | . . Parts Recycled . | . . Recycled Matter . | . . Retrieved Matter . | . . Retrieved Components . | . . Parts Scanalyzed . | . . Part Schematics Acquired . | . . Parts Damaged . | . . Bothacking | -11 -10 ------------ Run | Scr Mat Used RIF Installer . | . . Robots Hacked . | . . Non-combat . | . . Combat . | . . Robot Hacks Applied . | . . Relay Couplers Released . | . . Robots Rewired . | . . Allies Hacked . | . . Hacks Repelled . | . . Allies | -11 -10 -------- Run | Scr Mat Total Allies . | . . Largest Group . | . . Highest-Rated Group . | . . Highest-Rated Ally . | . . Total Orders . | . . Ally Attacks . | . . Total Damage . | . . Kills . | . . Allies Corrupted . | . . Allies Melted . | . . Intel | -11 -10 ------- Run | Scr Mat Robot Analysis Total . | . . Derelict Logs Recovered . | . . Drone Launches . | . . Drone Recoveries . | . . Exploration | -11 -10 ------------- Run | Scr Mat Turns Passed 915 | 466 449 Spaces Moved 535 | 227 308 Core 8 | 8 . Treads 220 | 211 9 Legs 2 | 2 . Wheels 305 | 6 299 Hover . | . . Flight . | . . Fastest Speed 50 | 50 90 Average Speed 118 | 154 92 Slowest Speed 160 | 160 160 Overloaded Moves . | . . Propulsion Burnouts . | . . Robots Hopped . | . . Cave-ins Triggered . | . . Exploration Rate (%) 30 | 12 48 Regions Visited 1 Branch Regions . Pre-discovered Areas . | . . Known Exits Taken . | . . Unknown Exits Taken 1 | 1 . Scrap Searched . | . . Spaces Dug . | . . Terrain Destroyed . | . . Melee . | . . Projectile . | . . AOE . | . . Actions | -11 -10 --------- Run | Scr Mat Total 702 | 292 410 Wait 8 | . 8 Move 534 | 226 308 Hop . | . . Pick Up 26 | 16 10 Fast Attach . | . . Attach 9 | 7 2 Detach . | . . Swap 8 | 5 3 Drop 15 | 5 10 Fire 73 | 27 46 Melee . | . . Ram 23 | . 23 Kick . | . . Crush 6 | 6 . Escape Stasis . | . . Rewire . | . . Trap . | . . Miscellaneous . | . . Route ------- -11/Scrapyard -10/Materials (discovered 2 exits: [*Mat] / [*Min]) History --------- Turn | Location | Event 26 | -11/Scrapyard | Discovered new exit (range 16) 467 | -11/Scrapyard | Entered Materials 468 | -10/Materials | Build established: Mutant 631 | -10/Materials | Discovered new exit (range 15) 745 | -10/Materials | Discovered new exit (range 12) 900 | -10/Materials | Core integrity fell below 50% 909 | -10/Materials | Core integrity fell below 20% 916 | -10/Materials | Destroyed by G-47 Trooper with Particle Gun Last Messages --------------- Destabilizing: Short circuit. Broken Seismic Analyzer permanently disabled. Slammed into G-47 Trooper. Dropped Ion Engine. Acquired Wheel. Dropped Wheel. Slammed into G-34 Mercenary. Destabilizing: Short circuit. Broken Arm. Wheel permanently disabled. Med. Armor Plating destroyed. Slammed into G-34 Mercenary. G-34 Mercenary destroyed. Acquired Mining Laser. Slammed into G-47 Trooper. Slammed into G-34 Mercenary. G-34 Mercenary destroyed. Broken Arm. Wheel destroyed. Slammed into G-47 Trooper. Arm. Wheel destroyed. Slammed into G-47 Trooper. Map ----- +----------------------------------------------------+ | ## #??????????# #???????????????????????????? | | ## #??????????# #???????????????????????????? | | #?# #??????????# #???????????????????????????? | | ##?# #??????????# #???????????????????????????? | | #### ############ #???????????????????????????? | | #???????????????????????????? | | =% % #???????????????????????????? | | %= = #??????????????????????! ??? | | #######+######### #????????????????????## ? | | ## #????# #????????##?????????? | | ## #????# #?????? #?????????? | | + #????# *#???? ??????????? | | ## #????# #?? ?????????????# | | ## #????#=! # """" ??????????????? !!! | | ## #????#!!%+ """" ??????????????? !! | | ## #????# [ # """" ??????????????? !! | | ## #????# #? ?????????????? | | =############????# [#? ? ???????????? | | #???????????????# #?#/#??###???????????? #? | | #???????????????# #?#u#???????########### #? | | #???????????????# #?# #???????# # #? | | #????############ #?# ######### #% #? | | #????# ## ### %% !%=*/ [ =%/%% #? | | #######! # ##%%######## !#% #? | | T # # T" ##%g# ! !# # ###? | | # + " %wg@#% # """ """ # #??? | | """"" # # %[%%#%" "" # """ """ + #??? | | """"" # """ """ # %*g/%"R"" # """ """ # #??? | | """"" # """ """ ### ###!%%#%""" ########### #??? | | # """ """ #?# #?#%*[# +????????? ?? | | ##+##############?#+#?# ########?????????##### ? | | # #???????????????# +?????????????????????# | | # T ^ #???????????????+ ##?????????????????????? | | # ^ #???????????????# #??????????????????????? | | # #???????????????# #??????????????????????? | | #^ #???????????????# #??????????????????????? | | # ^!!#???????????????# #??????????????????????? | | # ! #???????????????# #??????????????????????? | | # #???????????????# #??????????????????????? | | # """ #######?????????# #??????????????????????? | | # """ # #????????? ??????????????????????? | | + """ # """ #????????? ??????????????????????? | | # # "Y" #?????????? ???????????????????????? | | #####+# " " #????????????????????????????????????? | | #### # #????????????????????????????????????? | | # """ #????????????????????????????????????? | | + """ #????????????????????????????????????? | | # """ #????????????????????????????????????? | | ###### #????????????????????????????????????? | | ##????# #????????????????????????????????????? | +----------------------------------------------------+ Best States ------------- Heat Dissipation 25 Energy Generation 10 Energy Capacity 250 Matter Stores 318 Matter Capacity 350 Sight Range 16 Terrain Scan Density 60 Armor Coverage 225 Evasion (%) 50 Recoil Reduction 2 Item Schematics ----------------- None Robot Schematics ------------------ None Fabricated ------------ Nothing Alien Tech Used ----------------- None Achievements -------------- None Challenges ------------ None Game ------ Seed HellfireMasterMicroactuators Manual? 0 Play Time 00:11:30 Cumulative 1.1 hours Start 2020.01.05 @ 01:09:46 End 2020.01.05 @ 13:54:24 Sessions 2 Manual Loads 0 Difficulty Rogue Special Mode None Game No. 4 Rogue 4 Adventurer 0 Explorer 0 Win Type - Total 0 Types 0/0/0/0/0/0/0 Lore% 1 Gallery% 3 Achievement% 3 Wizard Run 0 Options --------- ASCII 0 Keyboard 0 Movement Numpad Keybinds 0 Fullscreen 1 Font 18/SmallcapsGlow Map View 76x50 Tactical HUD 0 Map Filters NONE Filters NONE Steam 1 RUN: 10a9a051-2f66-478b-bcdc-1b2bbbee8775